 Dungeon Crawl Stone Soup version 0.27.1-34-g3ba077fa99 (webtiles) character file.

Game seed: 7621099158209703477

64 Labrat the Magician (level 4, -5/31 HPs)
             Began as a Human Hedge Wizard on Jan 13, 2022.
             Slain by Sigmund (12 damage)
             ... while paralysed by Grinder
             ... on level 3 of the Dungeon.
             The game lasted 00:09:07 (3200 turns).

Labrat the Magician (Human Hedge Wizard)            Turns: 3200, Time: 00:09:08

Health: -5/31      AC:  3    Str: 10    XL:     4   Next: 32%
Magic:  1/8        EV:  2    Int: 15    God:
Gold:   92         SH:  0    Dex: 13    Spells: 1/9 levels left

rFire    . . .     SeeInvis .   m - +3 short sword
rCold    . . .     Faith    .   (no shield)
rNeg     . . .     Spirit   .   b - +0 robe
rPois    .         Reflect  .   c - +0 hat
rElec    .         Harm     .   (no cloak)
rCorr    .         Rampage  .   (no gloves)
Will     .....                  p - +0 pair of boots
Stlth    ++........             (no amulet)
HPRegen  0.10/turn              (no ring)
MPRegen  0.11/turn              (no ring)

@: paralysed
A: no striking features
a: no special abilities


You were on level 3 of the Dungeon.
You visited 1 branch of the dungeon, and saw 3 of its levels.

You collected 92 gold pieces.

Inventory:

Hand Weapons
 m - a +3 short sword (weapon)
Armour
 b - a +0 robe (worn)
 c - a +0 hat (worn)
 p - a +0 pair of boots (worn)
Scrolls
 d - a scroll of teleportation {unknown}
 f - a scroll of immolation {unknown}
 g - a scroll of holy word {unknown}
 k - 2 scrolls of identify {unknown}
 l - a scroll of silence {unknown}
 q - a scroll of enchant armour {unknown}
Potions
 a - a potion of cancellation {unknown}
 e - 2 potions of heal wounds {unknown}
 h - 2 potions of haste {unknown}
 i - a potion of lignification {unknown}
 j - a potion of invisibility {unknown}
 n - a potion of magic {unknown}
 o - a potion of curing


   Skills:
 + Level 0.6 Fighting
 + Level 2.3 Dodging
 - Level 2.0 Stealth
 + Level 3.3 Spellcasting
 * Level 2.3 Conjurations
 + Level 1.4 Summonings
 + Level 1.6 Translocations


You had one spell level left.
You knew the following spells:

 Your Spells              Type           Power      Damage    Failure   Level
a - Magic Dart            Conj           36%        1d4       8%          1
b - Blink                 Tloc           N/A        N/A       16%         2
c - Call Imp              Summ           6%         N/A       16%         2
d - Mephitic Cloud        Conj/Pois/Air  4%         N/A       38%         3

Your spell library contained the following spells:

 Spells                   Type           Power      Damage    Failure   Level
 Slow                     Hex            2%         N/A       30%         2
 Conjure Flame            Conj/Fire      6%         6-21      34%         3


Dungeon Overview and Level Annotations

Branches:
Dungeon (3/15)

Altars:

Shops:
D:2 *

Annotations:
D:2 1 runed translucent door, Crazy Yiuf
D:3 exclusion: door, Grinder, Sigmund


Message History

Sigmund is moderately wounded.
Sigmund hits you with a +0 scythe.
* * * LOW HITPOINT WARNING * * *
Unknown command.
You barely miss Sigmund.
Sigmund is moderately wounded.
Grinder hits your crimson imp!
Your crimson imp closely misses Grinder.
Unknown command.
Casting: Mephitic Cloud (extremely dangerous; 38% risk of failure)
Confirm with . or Enter, or press ? or * to list all spells.
You miscast Blink.
You are very lightly contaminated with residual magic.
Nothing appears to happen.
Grinder closely misses your crimson imp.
Your crimson imp hits Grinder.
Grinder barely misses your crimson imp.
Your crimson imp hits Grinder.
You barely miss Sigmund.
Sigmund is moderately wounded.
Grinder misses your crimson imp. Sigmund misses you.
Your crimson imp barely misses Grinder.
Unknown command.
You barely miss Sigmund.
Sigmund is moderately wounded.
Grinder completely misses your crimson imp.
Your crimson imp completely misses Grinder.
You barely miss Sigmund.
Sigmund is moderately wounded.
Grinder hits your crimson imp.
Your crimson imp hits Grinder.
Grinder grins, showing sharp teeth.
Grinder blinks!
Sigmund closely misses you.
Sigmund seems less confused.
Sigmund barely misses you.
Your crimson imp blinks!
Unknown command.
Grinder gestures at you.
You suddenly lose the ability to move!
Your magical contamination has completely faded away.
Grinder hits you but does no damage.
Sigmund hits you from afar with a +0 scythe!
You die...

####.##..........##5#
#.######).#5####5# #.# #..#(#
#.# #.######..#.####.#
#..............).# ########
#.#########.###### #......#
#####.# #@# #.####.# ##.....##
#5# #####.####.# #.♣...♣.###
##@## #..........#
..........#####...###.###.###..#
♣...>...♣.............# #.###..#
.........######...##### #......#
#.♣...♣.## ##.## #####.##
##.....## #.# #####.### ###.####
#.# #.......# #.....# ##+##
#.###.#.# #.....# ##...## #.#
#.#.#


You could see Grinder, Sigmund (ally target) and a friendly crimson imp
(summoned).

Vanquished Creatures
  An adder (D:3)
  2 orcs (D:3)
  4 ball pythons
  2 endoplasms
  3 giant cockroaches
  7 goblins
  9 hobgoblins
  A quokka (D:3)
  4 bats
  4 frilled lizards (D:3)
  5 kobolds
  7 rats
49 creatures vanquished.

Notes
Turn   | Place    | Note
-------+----------+-------------------------------------------
     0 | D:1      | Labrat the Human Hedge Wizard began the quest for the Orb.
     0 | D:1      | Reached XP level 1. HP: 13/13 MP: 4/4
    87 | D:1      | Found a faded altar of an unknown god.
   364 | D:1      | Reached XP level 2. HP: 19/19 MP: 0/6
   890 | D:1      | Reached XP level 3. HP: 25/25 MP: 4/7
  1269 | D:2      | Found Nushreuc's Assorted Antiques.
  1529 | D:2      | Found a runed translucent door.
  1530 | D:2      | Noticed Crazy Yiuf
  2316 | D:3      | Noticed Grinder
  2338 | D:3      | Learned a level 2 spell: Blink
  2341 | D:3      | Learned a level 2 spell: Call Imp
  2429 | D:3      | Noticed Sigmund
  2487 | D:3      | Learned a level 3 spell: Mephitic Cloud
  2779 | D:3      | Reached XP level 4. HP: 31/31 MP: 2/8
  3198 | D:3      | Paralysed by Grinder for 4 turns
  3200 | D:3      | Slain by Sigmund

Illustrated notes

Levels and vault maps discovered:
D:1:      minmay_arrival_four_circles, layout_basic,
          dreamdust_ecumenical_altar_sealed_demon
D:2:      layout_loops_ring, serial_shops, nicolae_shop_overgrown_old_shop,
          uniq_crazy_yiuf_cottage
D:3:      kennysheep_goblin_castle, layout_loops_corners, grunt_ministairs_2,
          uniq_grinder, uniq_sigmund, uniq_ijyb

Skill      XL: |  1  2  3 |
---------------+----------+-----
Conjurations   | 2 |  2.3
Fighting       | |  0.6
Dodging        | |  2.3
Stealth        | |  2.0
Spellcasting   | |  3.3
Summonings     | |  1.4
Translocations | |  1.6

Action                   |  1- 3 |  4- 6 || total
-------------------------+-------+-------++-------
Melee: Dagger            |    21 |       ||    21
       Short sword       |     8 |    15 ||    23
 Cast: Magic Dart        |    96 |    12 ||   108
       Call Imp          |     1 |     1 ||     2
       Mephitic Cloud    |       |     1 ||     1
 Stab: Sleeping          |     1 |       ||     1
Armor: Robe              |     3 |     3 ||     6
Dodge: Dodged            |    23 |     8 ||    31
